 Dungeon Crawl Stone Soup version 0.22-b1-59-g0aedee734a (webtiles) character file.

287 Faustar the Cleaver (level 6, -5/51 HPs)
             Began as a Hill Orc Monk on Aug 10, 2018.
             Was a Believer of Beogh.
             Slain by a centaur (7 damage)
             ... on level 5 of the Dungeon.
             The game lasted 00:08:37 (4765 turns).

Faustar the Cleaver (Hill Orc Monk)                 Turns: 4765, Time: 00:08:37

Health: -5/51      AC:  7    Str: 16    XL:     6   Next: 30%
Magic:  6/6        EV: 11    Int: 10    God:    Beogh [**....]
Gold:   217        SH:  0    Dex: 13    Spells: 5/5 levels left

rFire    . . .     SeeInvis .   a - +0 hand axe
rCold    . . .     Gourm    .   (no shield)
rNeg     . . .     Faith    .   o - +0 ring mail
rPois    .         Spirit   .   l - +1 helmet
rElec    .         Reflect  .   (no cloak)
rCorr    .         Harm     .   (no gloves)
MR       .....                  (no boots)
Stlth    ..........             (no amulet)
HPRegen  0.17/turn              f - ring of attention
MPRegen  0.10/turn              (no ring)

@: lethally poisoned (-5 -> -6)
A: no striking features
a: Smiting, Renounce Religion


You were on level 5 of the Dungeon.
You worshipped Beogh.
Beogh was pleased with you.
You were not hungry.

You visited 1 branch of the dungeon, and saw 5 of its levels.

You collected 217 gold pieces.

Inventory:

Hand Weapons
 a - a +0 hand axe (weapon)
Missiles
 k - 2 javelins (quivered)
Armour
 b - a +0 robe
 l - a +1 helmet (worn)
 o - a +0 ring mail (worn)
Jewellery
 f - a ring of attention (left hand)
 p - a +3 ring of intelligence {unknown}
Wands
 q - a wand of digging (15)
Scrolls
 d - 3 scrolls of teleportation
 g - 2 scrolls of amnesia
 h - a scroll of fog {unknown}
 i - 3 scrolls of remove curse
 j - 4 scrolls of identify
 n - a scroll of immolation {unknown}
Potions
 e - 2 potions of haste
 m - 2 potions of curing {unknown}
 r - a potion of invisibility
Comestibles
 c - 5 rations


   Skills:
 - Level 3.6 Fighting
 + Level 9.1 Axes
 - Level 2.4 Dodging
 - Level 1.5 Stealth


You had 5 spell levels left.
You didn't know any spells.
Your spell library was empty.

Dungeon Overview and Level Annotations

Branches:
Dungeon (5/15)             Temple (0/1) D:5

Altars:
Ashenzari
Nemelex Xobeh
Qazlal
Trog
Vehumet

Annotations:
D:2 Sigmund
D:3 Grinder


Message History

You hit the worker ant.
The worker ant is almost dead.
The worker ant closely misses you.
You closely miss the worker ant.
The worker ant is almost dead.
The worker ant bites you but does no damage.
You slash the worker ant!
You kill the worker ant!
Beogh accepts your kill.
Your Axes skill increases to level 9!
You feel sick.
The centaur shoots an arrow.
The arrow hits you!
* * * LOW HITPOINT WARNING * * *
A bullfrog zombie comes into view.
The centaur unwields an uncursed shortbow.
The centaur barely misses you.
A centaur comes into view.
The centaur wields a shortbow.
The centaur shoots an arrow.
The arrow hits you.
* * * LOW HITPOINT WARNING * * *
The centaur hits you!
You die...

# ####### ..#..>..##
.........#########
..........##.....# #####
.....Z...c@(.###.# ##....
.........<######.#####.....
...........................
..........######.#######.##
...c.....## #.# #...#
.......?## #.# #.###
.#....### ####(#####.#
...... .........#.# #####.
...........#


You could see 2 centaurs and a bullfrog zombie.

Vanquished Creatures
  A water moccasin skeleton (D:4)
  A bullfrog skeleton (D:5)
  2 worker ants
  7 gnolls
  An adder (D:2)
  An adder skeleton (D:4)
  A worm (D:2)
  A dart slug (D:4)
  2 leopard geckos
  An orc (D:3)
  3 bats
  2 giant cockroaches (D:1)
  5 hobgoblins
  8 jackals
  A quokka (D:4)
  A ball python skeleton (D:4)
  2 frilled lizards
  3 goblins
  A jackal skeleton (D:4)
  11 kobolds
  5 rats
60 creatures vanquished.

Vanquished Creatures (others)
  An ogre (D:4)
  An orc (D:4)
2 creatures vanquished.

Grand Total: 62 creatures vanquished

Notes
Turn   | Place    | Note
-------+----------+-------------------------------------------
     0 | D:1      | Faustar the Hill Orc Monk began the quest for the Orb.
     0 | D:1      | Reached XP level 1. HP: 19/19 MP: 1/1
   357 | D:1      | Reached XP level 2. HP: 22/26 MP: 2/2
   619 | D:1      | Reached skill level 5 in Axes
  1134 | D:2      | Found a shattered altar of Ashenzari.
  1150 | D:2      | Reached XP level 3. HP: 15/31 MP: 3/3
  1558 | D:2      | Reached skill level 6 in Axes
  1694 | D:2      | Noticed Sigmund
  2137 | D:3      | Found a bloodstained altar of Trog.
  2465 | D:3      | Found a radiant altar of Vehumet.
  2657 | D:2      | Reached XP level 4. HP: 31/39 MP: 4/4
  2743 | D:3      | Noticed Grinder
  3244 | D:3      | Found a stormy altar of Qazlal.
  3406 | D:4      | Reached skill level 7 in Axes
  3508 | D:4      | Noticed an ogre
  3509 | D:4      | Became a worshipper of Beogh the Brigand
  3509 | D:4      | Reached * piety under Beogh
  3509 | D:4      | Reached ** piety under Beogh
  3513 | D:4      | Killed an ogre
  3513 | D:4      | Reached XP level 5. HP: 24/45 MP: 1/5
  3522 | D:4      | Reached skill level 8 in Axes
  3925 | D:4      | Found a sparkling altar of Nemelex Xobeh.
  3925 | D:4      | Found a stormy altar of Qazlal.
  4191 | D:5      | Entered Level 5 of the Dungeon
  4390 | D:5      | Found a staircase to the Ecumenical Temple.
  4390 | D:5      | Noticed a centaur
  4392 | D:5      | Noticed a centaur
  4560 | D:5      | Reached XP level 6. HP: 36/51 MP: 6/6
  4764 | D:5      | Reached skill level 9 in Axes
  4765 | D:5      | HP: 2/51 [centaur/arrow (6)]
  4765 | D:5      | Slain by a centaur

Skill      XL: |  1  2  3  4  5  6 |
---------------+-------------------+-----
Axes           | 5 6 7 8 9 |  9.1
Fighting       | |  3.6
Dodging        | |  2.4
Stealth        | |  1.5

Action                   |  1- 3 |  4- 6 || total
-------------------------+-------+-------++-------
Melee: Hand axe          |   134 |   113 ||   247
Throw: Javelin           |       |     2 ||     2
Invok: Smiting           |       |     1 ||     1
       Convert to Beogh  |       |     1 ||     1
  Use: Scroll            |       |     5 ||     5
       Potion            |       |     1 ||     1
 Stab: Invisible         |       |     3 ||     3
  Eat: Chunk             |     5 |     7 ||    12
Armor: Robe              |    29 |     2 ||    31
       Ring mail         |       |    28 ||    28
Dodge: Dodged            |    88 |    86 ||   174
